Map: Site Delta LE

Players

Trombiolo - Winner!

  • Race: Zerg Zerg
  • League: Diamond
  • Spawn Location: 11:00

EBX

  • Race: Zerg Zerg
  • League: Platinum
  • Spawn Location: 5:00

VOD

Have the link to the VOD?

Description

Time

  • Played on: Nov. 23, 2023, 3:50 p.m.
  • Length: 23:15
Show
View Real Time Build Order
Export as new Build Order

Trombiolo Zerg - Winner!

Build Orders: Pool First, Lurkers 

Get SALT Encoding   

  12  0:00  Drone  
  13  0:08  Drone  
  13  0:14  Extractor  
  13  0:15  Drone  
  14  0:34  Spawning Pool  
  13  0:51  Drone  
  13  0:57  Overlord  
  14  1:06  Extractor, Drone  
  15  1:25  Hatchery  
  15  1:30  Metabolic Boost  
  14  1:39  Zergling x2  
  16  1:40  Zergling x2  
  16  1:43  Zergling x2  
  17  1:51  Zergling x2  
  18  2:02  Baneling Nest  
  18  2:04  Zergling x2  
  18  2:17  Zergling x2  
  18  2:39  Zergling x6  
  21  3:15  Zergling x12  
  23  3:36  Drone x2  
  25  3:50  Drone  
  25  3:51  Drone x2  
  28  4:00  Overlord x2  
  25  4:16  Drone x3  
  27  4:18  Queen  
  27  4:21  Drone x2  
  27  4:37  Baneling x5  
  27  4:38  Zergling x4  
  29  4:46  Zergling x4  
  31  5:01  Zergling x4  
  31  5:03  Zergling x4  
  35  5:08  Extractor  
  35  5:11  Queen  
  36  5:17  Baneling x3  
  36  5:18  Baneling  
  36  5:31  Drone x3  
  36  5:34  Lair  
  39  5:36  Drone x4  
  34  6:17  Zergling x4  
  36  6:19  Roach Warren  
  35  6:38  Overlord x3  
  35  6:39  Overlord  
  35  6:57  Hydralisk Den  
  35  6:58  Spore Crawler, Hatchery  
  32  7:02  Spore Crawler  
  32  7:03  Spore Crawler  
  32  7:05  Spore Crawler  
  32  7:06  Spore Crawler  
  32  7:07  Spore Crawler  
  32  7:08  Drone x2  
  29  7:10  Drone x4, Spore Crawler  
  32  7:35  Hydralisk x3  
  36  7:55  Hydralisk x3  
  36  7:58  Overlord x2  
  41  8:15  Hydralisk x3  
  47  8:24  Drone x3  
  47  8:25  Drone  
  51  8:33  Hydralisk  
  53  8:34  Hydralisk  
  55  8:47  Drone  
  55  8:48  Drone  
  57  9:06  Lurker Den  
  56  9:14  Drone x2, Spore Crawler  
  56  9:15  Drone x2  
  59  9:19  Overlord x3  
  59  9:24  Drone  
  60  9:25  Overlord  
  52  9:50  Hydralisk  
  52  9:51  Hydralisk x6  
  52  10:05  Extractor  
  51  10:07  Extractor  
  51  10:13  Hydralisk  
  50  10:19  Lurker x2  
  52  10:22  Lurker  
  52  10:23  Lurker x3  
  50  10:40  Hydralisk x3  
  50  10:41  Hydralisk x6  
  57  11:19  Drone x3  
  57  11:20  Drone x3  
  63  11:30  Nydus Network  
  63  11:32  Hydralisk x3  
  65  11:46  Lurker  
  66  11:59  Pneumatized Carapace  
  66  12:04  Overlord x2  
  66  12:05  Zergling x16  
  66  12:06  Zergling x2  
  75  12:22  Hydralisk  
  75  12:23  Hydralisk x2  
  75  12:29  Hydralisk x3  
  87  12:36  Zergling x4  
  88  12:50  Hydralisk x2  
  92  13:00  Hydralisk x3  
  92  13:03  Overlord x2  
  98  13:12  Nydus Canal  
  98  13:22  Hydralisk x3  
  93  13:52  Hydralisk x5  
  93  13:53  Hydralisk  
  81  14:00  Hydralisk x5  
  81  14:01  Hydralisk  
  81  14:50  Grooved Spines  
  81  14:52  Drone x6  
  87  14:53  Drone x4  
  88  15:05  Hatchery  
  87  15:09  Hydralisk x4  
  87  15:10  Hydralisk  
  96  15:21  Nydus Canal  
  96  15:23  Zergling x10  
  101  15:40  Muscular Augments  
  98  16:21  Spire  
  98  16:25  Extractor  
  96  16:30  Zergling x2, Extractor  
  96  16:38  Lurker x7  
  103  16:40  Zergling x4  
  103  16:42  Overlord x4  
  103  16:43  Overlord x2  
  105  16:56  Overlord x3  
  105  16:57  Overlord  
  105  17:36  Roach  
  107  17:37  Roach x6  
  117  17:44  Evolution Chamber  
  117  17:45  Evolution Chamber  
  115  17:55  Roach x4  
  123  18:11  Mutalisk x6  
  120  18:55  Mutalisk  
  120  18:56  Mutalisk x5  
  126  19:16  Mutalisk x2  
  126  19:17  Mutalisk  
  132  19:28  Mutalisk x2  
  122  19:52  Hydralisk x4  
  118  20:05  Mutalisk  
  106  20:19  Hydralisk x2  
  106  20:50  Mutalisk x4  
  108  21:20  Lurker x3  
  108  21:21  Lurker x2  
  107  21:37  Mutalisk x3  
  109  21:58  Hydralisk x2  
Show
View Real Time Build Order
Export as new Build Order

EBX Zerg 

Build Orders: Pool First 

Get SALT Encoding   

  12  0:01  Drone  
  13  0:08  Drone  
  14  0:16  Overlord  
  14  0:35  Drone x3  
  17  0:47  Spawning Pool  
  17  0:49  Drone  
  17  0:52  Extractor  
  16  0:57  Drone  
  16  1:00  Extractor  
  16  1:08  Drone  
  18  1:18  Drone  
  18  1:29  Drone  
  19  1:33  Queen  
  21  1:42  Drone  
  22  1:57  Spine Crawler  
  22  1:59  Drone, Spine Crawler  
  21  2:03  Drone  
  21  2:05  Spine Crawler  
  21  2:12  Lair  
  21  2:14  Drone  
  22  2:24  Overlord  
  22  2:53  Drone x4  
  22  2:57  Overlord  
  14  3:36  Infestation Pit  
  14  3:38  Nydus Network  
  13  4:12  Drone x3  
  16  4:36  Spawning Pool  
  15  4:43  Drone  
  15  4:44  Drone x2  
  18  4:47  Extractor  
  17  4:55  Drone x2  
  17  4:58  Drone, Spire  
  19  5:13  Drone  
  20  5:17  Drone  
  21  5:33  Drone x3, Spine Crawler  
  21  5:35  Drone  
  24  5:51  Overlord  
  24  6:10  Mutalisk x2  
  17  6:23  Drone x2  
  19  6:48  Drone x3  
  19  6:49  Drone  
  23  6:57  Drone  
  23  7:00  Drone  
  23  7:01  Drone  
  26  7:03  Drone  
  27  7:20  Drone  
  28  7:40  Mutalisk x4  
  36  8:14  Mutalisk x2  
  40  8:33  Roach Warren  
  39  8:36  Drone  
  39  8:37  Drone x3  
  43  8:43  Hatchery  
  43  8:46  Extractor x2  
  40  9:32  Drone x3  
  40  9:34  Drone x3  
  40  9:37  Spine Crawler  
  44  9:58  Spine Crawler  
  43  10:03  Mutalisk  
  43  10:04  Mutalisk x3  
  51  10:07  Overlord x3  
  51  10:18  Drone  
  50  10:44  Overseer  
  50  10:48  Overseer  
  50  11:09  Drone  
  50  11:10  Drone x12  
  63  11:41  Drone  
  63  11:42  Drone  
  65  11:55  Roach  
  65  11:56  Roach x4  
  75  12:04  Extractor  
  75  12:05  Hatchery  
  73  12:09  Extractor  
  72  12:21  Baneling Nest  
  71  12:26  Drone x4  
  75  12:37  Overlord  
  75  12:38  Overlord x3  
  75  12:55  Queen  
  77  13:05  Zergling x10  
  81  13:06  Zergling x6  
  81  13:09  Centrifugal Hooks  
  85  13:20  Roach  
  85  13:21  Roach x2  
  85  13:26  Overlord x2  
  85  13:27  Overlord  
  91  13:29  Overseer  
  91  13:34  Baneling x10  
  91  13:35  Overseer, Baneling x4  
  62  13:57  Roach  
  62  13:58  Roach x7  
  72  14:17  Queen  
  72  14:19  Drone x3  
  72  14:20  Drone  
  80  14:38  Roach x2  
  80  14:39  Roach x3  
  80  14:40  Roach x3  
  80  14:41  Queen  
  80  14:45  Glial Reconstitution  
  93  14:55  Drone  
  93  14:56  Drone x3  
  82  15:15  Zergling x4  
  82  15:16  Zergling x4  
  81  15:38  Baneling  
  81  15:39  Baneling x7  
  81  15:40  Zergling x6  
  81  15:41  Zergling x2  
  85  15:51  Lair  
  85  15:55  Hatchery  
  84  16:05  Baneling x8  
  84  16:28  Mutalisk x3  
  84  16:29  Mutalisk  
  92  16:54  Extractor  
  92  16:55  Hatchery  
  92  16:56  Overlord  
  92  16:57  Overlord x2  
  92  16:58  Overseer x3  
  92  16:59  Extractor  
  89  17:29  Infestation Pit  
  86  17:59  Overlord  
  86  18:05  Extractor, Swarm Host x6  
  85  18:06  Swarm Host x5  
  85  18:08  Extractor  
  117  18:32  Drone  
  117  18:33  Drone  
  119  18:34  Drone x3  
  83  19:05  Corruptor  
  83  19:06  Corruptor x6  
  62  20:15  Swarm Host x5  
  62  20:16  Corruptor  
  62  20:17  Corruptor x3  
  73  21:04  Corruptor  
  73  21:05  Corruptor x3  
  73  21:10  Overseer  
  79  21:17  Overseer  
  73  21:48  Corruptor  
Tags
 
Composition
Lurkers
Matchup
ZvZ
Race
Zerg
Spawn Locations
Cross Positions
Add a new tag
Caveats
  • Supply blocks, unpowered buildings, or Contaminate may cause inaccurate times.
  • Supply counts are checked every 10 seconds.